 Dungeon Crawl Stone Soup version 0.28.0-1-gb440e238dd (webtiles) character file.

Game seed: 7406029880353045337

8280 pkoi the Destroyer (level 11, -23/79 HPs)
             Began as a Purple Draconian Conjurer on Feb 23, 2022.
             Was a Follower of Sif Muna.
             Annihilated by an orc knight (39 damage)
             ... in a bailey.
             The game lasted 00:21:35 (14569 turns).

pkoi the Destroyer (Purple Draconian Conjurer)     Turns: 14569, Time: 00:21:35

Health: -23/79     AC: 15    Str: 11    XL:     11   Next: 7%
Magic:  16/22      EV: 12    Int: 22    God:    Sif Muna [*.....]
Gold:   401        SH:  5    Dex:  9    Spells: 1/25 levels left

rFire   . . .      SeeInvis .   a - staff of conjuration
rCold   . . .      Faith    .   (no shield)
rNeg    + . .      Spirit   .   (armour unavailable)
rPois   .          Reflect  +   r - +1 hat
rElec   .          Harm     .   k - +0 cloak
rCorr   .          Rampage  .   (no gloves)
Will    +....                   f - +1 pair of boots
Stlth   +.........              l - amulet of reflection
HPRegen 0.23/turn               h - ring of positive energy
MPRegen 0.18/turn               z - +4 ring of protection

@: very slow
A: breathe power, AC +7, unfitting armour, cold-blooded
a: Breathe Dispelling Energy, Renounce Religion, Channel Magic


You were in a bailey.
You worshipped Sif Muna.
Sif Muna was aware of your devotion.
You visited 2 branches of the dungeon, and saw 11 of its levels.
You also visited: Ossuary and Bailey.

You collected 401 gold pieces.

Inventory:

Hand Weapons
 b - the +2 long sword of the Slicing Dove {spect, rC++ MP+9}
   (You found it on level 2 of the Dungeon)

   When its wielder attacks, the weapon's spirit leaps out and strikes again.
   The spirit shares a part of any damage it takes with its wielder.
   rC:        It greatly protects you from cold.
   MP:        It affects your magic capacity (+9).
 m - a +4 whip
Armour
 f - a +1 pair of boots (worn)
 k - a +0 cloak (worn)
 n - a scarf of invisibility
 r - a +1 hat (worn)
Magical Staves
 a - a staff of conjuration (weapon)
Jewellery
 h - a ring of positive energy (left hand)
 l - an amulet of reflection (around neck)
 u - a ring of ice
 z - a +4 ring of protection (right hand)
Wands
 x - a wand of flame (23)
 y - a wand of iceblast (8)
 C - a wand of paralysis (5)
Scrolls
 c - 4 scrolls of identify
 d - 2 scrolls of amnesia
 g - 4 scrolls of enchant weapon
 s - 2 scrolls of fog
 t - a scroll of teleportation
 v - a scroll of enchant armour
 B - a scroll of blinking
Potions
 e - 7 potions of curing
 i - 2 potions of ambrosia
 j - 3 potions of resistance
 o - 3 potions of berserk rage
 p - a potion of heal wounds
 q - a potion of invisibility
 w - 3 potions of magic
 A - a potion of cancellation


   Skills:
 - Level 2.0 Fighting
 + Level 5.8 Long Blades
 - Level 3.0 Dodging
 - Level 1.7 Stealth
 + Level 7.8 Spellcasting
 * Level 11.0 Conjurations
 + Level 4.0 Hexes
 + Level 5.7 Translocations
 + Level 4.3 Invocations
 - Level 6.0 Evocations


You had one spell level left.
You knew the following spells:

 Your Spells              Type           Power      Damage    Failure   Level
a - Magic Dart            Conj           100%       1d8       1%          1
b - Searing Ray           Conj           100%       2d8       1%          2
c - Iskenderun's Mystic   Conj/Tloc      62%        2d13      2%          4
d - Dazzling Flash        Conj/Hex       100%       N/A       1%          3
e - Passage of Golubria   Tloc           33%        N/A       7%          4
f - Fulminant Prism       Conj/Hex       29%        3d14      3%          4
g - Mephitic Cloud        Conj/Pois/Air  37%        N/A       4%          3
h - Ignite Poison         Fire/Tmut/Pois 8%         N/A       22%         3

Your spell library contained the following spells:

 Spells                   Type           Power      Damage    Failure   Level
 Call Imp                 Summ           8%         N/A       12%         2
 Frozen Ramparts          Ice            16%        1d3       22%         3
 Freezing Cloud           Conj/Ice/Air   18%        6-21      43%         5
 Ice Form                 Ice/Tmut       8%         N/A       58%         4
 Summon Ice Beast         Ice/Summ       8%         N/A       58%         4
 Silence                  Hex/Air        8%         N/A       65%         5
 Lehudib's Crystal Spear  Conj/Erth      24%        10d7      100%        8


Dungeon Overview and Level Annotations

Branches:
Dungeon (10/15)            Temple (1/1) D:6            Lair (0/6) D:8
Ossuary (visited)          Bailey (1/1)
    Orc: D:9-12

Altars:
Ashenzari
Cheibriados
Dithmenos
Elyvilon
Fedhas
Gozag
Hepliaklqana
Kikubaaqudgha
Makhleb
Nemelex Xobeh
Okawaru
Qazlal
Ru
Sif Muna
Trog
Uskayaw
Vehumet
Wu Jian
Xom
Yredelemnul
The Shining One

Shops:
D:7 [(?

Annotations:
D:5 3 runed translucent doors, horus123's ghost, novice HuHu


Innate Abilities, Weirdness & Mutations

You can breathe bolts of dispelling energy.
Your rich purple scales are hard. (AC +7)
You cannot fit into any form of body armour.
You are cold-blooded and may be slowed by cold attacks.


Message History

Casting: Fulminant Prism (dangerous; 3% risk of failure)
Confirm with . or Enter, or press ? or * to list all spells.
Aiming: Fulminant Prism (dangerous; 3% risk of failure)
Press: ? - help, Dir - move target You feel a surge of power!
You conjure a prism of explosive energy!
A fulminant prism comes into view.
Your fulminant prism crackles loudly.
Your fulminant prism explodes!
The blast of energy engulfs the orc knight.
The orc knight is moderately wounded.
You hear a shout!
You enter the shallow water.
Moving in this stuff is going to be slow.
Things that are here:
a +0 spear; a +0 scale mail
Things that are here:
a +0 spear; a +0 chain mail; an orc skeleton You enter the shallow water.
Moving in this stuff is going to be slow.
The orc knight hits you from afar with a +0 glaive!!
* * * LOW HITPOINT WARNING * * *
The orc knight hits you but does no damage.
The orc knight roars a battlecry!
The orc knight goes into a battle-frenzy!
The orc knight hits you from afar with a +0 glaive!
* * * LOW HITPOINT WARNING * * *
The orc knight hits you from afar with a +0 glaive!
* * * LOW HITPOINT WARNING * * *
The orc knight barely misses you.
The orc knight roars a battlecry!
The orc knight goes into a battle-frenzy!
You enter the shallow water.
Moving in this stuff is going to be slow.
The orc knight hits you from afar with a +0 glaive!
* * * LOW HITPOINT WARNING * * *
You block the orc knight's attack. The orc knight barely misses you.
The orc knight hits you from afar with a +0 glaive!!!
You die...

######### ........##
≈≈≈≈≈≈≈..##
o.....≈≈..##
..###..≈≈..##########
.## ##..)≈..........#
##.∩.##..≈≈≈≈≈≈≈@≈≈.#
#.....##.)........o.#
###'###'#########.o.#
...... ##.≈.# ≈≈≈≈≈≈.
##..≈.# §.....≈≈ #
##..)≈.# .⌠∩⌠....
#'#..≈≈.∩# ..⌠..§§≈.
#'#..≈).## .....§≈
.'#.##..)≈.#


You could see 2 orc knights.

Vanquished Creatures
  An orc knight (Bailey)
  A lindwurm (D:9)
  Pikel (D:7)
  Joseph (D:7)
  2 trolls
  A hornet (D:9)
  Prince Ribbit (D:7)
  9 yaks
  A wyvern (D:9)
  A water moccasin (D:6)
  2 orc warriors
  An ice beast (D:8)
  A hornet zombie (Ossuary)
  2 sky beasts (D:7)
  2 necrophages (D:6)
  5 wolves (D:8)
  A phantom (D:6)
  2 lemures (D:7)
  4 centaurs
  An ogre (D:4)
  A kobold brigand (D:8)
  2 bullfrogs
  2 wyvern zombies
  7 water moccasin zombies
  2 scorpions
  A wyvern skeleton (D:6)
  5 wights (D:9)
  3 electric eels (D:8)
  2 howler monkeys (D:9)
  4 bullfrog zombies (Ossuary)
  4 centaur zombies
  3 orc priests
  4 hounds
  A jelly (D:8)
  Crazy Yiuf (D:2)
  3 bullfrog skeletons
  2 centaur skeletons
  Jessica (D:2)
  An iguana (D:4)
  3 orc wizards
  4 killer bee zombies
  13 mummies (Ossuary)
  4 howler monkey zombies
  Robin (D:2)
  3 adders
  A shadow imp (D:6)
  A white imp (D:7)
  An adder skeleton (D:5)
  3 worms
  43 orcs
  7 ball pythons
  6 bats
  3 endoplasms
  2 giant cockroaches
  24 goblins
  9 hobgoblins
  9 jackals
  8 kobolds
  2 quokkas
  3 frilled lizards
  A quokka zombie (D:6)
  3 rats
  A rat zombie (D:6)
244 creatures vanquished.

Vanquished Creatures (others)
  21 fulminant prisms
  A fungus (D:5)
  3 plants (D:5)
  4 withered plants (Ossuary)
29 creatures vanquished.

Grand Total: 273 creatures vanquished

Notes
Turn   | Place    | Note
-------+----------+-------------------------------------------
     0 | D:1      | pkoi the Draconian Conjurer began the quest for the Orb.
     0 | D:1      | Reached XP level 1. HP: 14/14 MP: 3/3
   216 | D:1      | Reached XP level 2. HP: 20/20 MP: 1/5
  1297 | D:2      | Noticed Jessica
  1381 | D:1      | Learned a level 2 spell: Searing Ray
  1385 | D:2      | Killed Jessica
  1386 | D:2      | Reached skill level 5 in Conjurations
  1386 | D:2      | Reached XP level 3. HP: 13/26 MP: 2/6
  1393 | D:2      | Identified the +2 long sword of the Slicing Dove {spect,
                  | rC++ MP+9}
  1566 | D:2      | Found a runed translucent door.
  1567 | D:2      | Noticed Crazy Yiuf
  1781 | D:2      | Noticed Robin
  1790 | D:2      | Killed Robin
  1791 | D:2      | Reached XP level 4. HP: 31/33 MP: 7/7
  2717 | D:2      | Killed Crazy Yiuf
  2829 | D:3      | Found an iron altar of Okawaru.
  2856 | D:3      | Reached skill level 6 in Conjurations
  2856 | D:3      | Reached XP level 5. HP: 38/38 MP: 9/9
  3098 | D:3      | Learned a level 4 spell: Iskenderun's Mystic Blast
  3122 | D:3      | Found a broken altar of Ashenzari.
  3205 | D:3      | Found a sparkling altar of Nemelex Xobeh.
  3243 | D:3      | Found a faded altar of an unknown god.
  3397 | D:3      | Found a glowing golden altar of the Shining One.
  3397 | D:3      | Found a shimmering altar of Xom.
  3421 | D:3      | Identified the +1 hand crossbow of the Dripping Tiger
                  | {flame, Fragile rF+ Dex+6 SInv}
  3648 | D:4      | Found an ornate altar of the Wu Jian Council.
  3660 | D:4      | Noticed an ogre
  3664 | D:4      | Killed an ogre
  3665 | D:4      | Reached XP level 6. HP: 45/45 MP: 11/11
  4364 | D:4      | Reached skill level 7 in Conjurations
  4364 | D:4      | Reached skill level 1 in Evocations
  4837 | D:5      | Entered Level 5 of the Dungeon
  4912 | D:5      | Reached skill level 1 in Long Blades
  5079 | D:5      | Your scales start taking on a rich purple colour.
  5079 | D:5      | Reached XP level 7. HP: 51/51 MP: 13/13
  5199 | D:5      | Found a runed translucent gate.
  5200 | D:5      | Found a runed translucent gate.
  5201 | D:5      | Found a runed translucent gate.
  5202 | D:5      | Noticed horus123's ghost (novice HuHu)
  5208 | D:5      | Learned a level 3 spell: Dazzling Flash
  5352 | D:5      | Reached skill level 1 in Fighting
  5938 | D:6      | Reached skill level 1 in Translocations
  6191 | D:6      | Found a sand-covered staircase.
  6198 | Ossuary  | Entered an ossuary
  6446 | Ossuary  | Reached skill level 5 in Spellcasting
  6446 | Ossuary  | Reached XP level 8. HP: 54/61 MP: 15/15
  6509 | Ossuary  | Reached skill level 8 in Conjurations
  7390 | D:6      | Reached XP level 9. HP: 59/67 MP: 17/17
  7747 | D:6      | Reached skill level 9 in Conjurations
  8381 | D:6      | Found a staircase to the Ecumenical Temple.
  8389 | Temple   | Entered the Ecumenical Temple
  8449 | Temple   | Became a worshipper of Sif Muna the Loreminder
  8560 | D:6      | Found a sacrificial altar of Ru.
  8690 | D:7      | Found Piun's Weapon Shop.
  8709 | D:7      | Noticed Prince Ribbit
  8714 | D:7      | Killed Prince Ribbit
  8715 | D:7      | Reached skill level 5 in Evocations
  8801 | D:7      | Reached skill level 1 in Hexes
  8801 | D:7      | Reached skill level 1 in Invocations
  8941 | D:7      | Learned a level 4 spell: Passage of Golubria
  9003 | D:7      | Found Ocvuesk's Magic Scroll Emporium.
  9005 | D:7      | Noticed Joseph
  9023 | D:7      | Killed Joseph
  9466 | D:7      | Found Guiroah's Armour Shop.
  9605 | D:7      | Noticed Pikel
  9612 | D:7      | Killed Pikel
  9613 | D:7      | Reached skill level 10 in Conjurations
  9613 | D:7      | Reached XP level 10. HP: 65/73 MP: 20/20
  9751 | D:7      | Found a hazy altar of Hepliaklqana.
 10367 | D:8      | Reached skill level 5 in Long Blades
 10510 | D:8      | Reached skill level 5 in Translocations
 10836 | D:8      | Found a blossoming altar of Fedhas.
 11184 | D:8      | Found a staircase to the Lair.
 11777 | D:9      | Reached * piety under Sif Muna
 12566 | D:9      | Identified a scroll of acquirement
 12566 | D:9      | Acquired a staff of conjuration
 12736 | D:9      | Noticed a lindwurm
 12741 | D:9      | Noticed a lindwurm
 12765 | D:9      | Noticed a lindwurm
 12905 | D:9      | Noticed a lindwurm
 13078 | D:9      | Learned a level 4 spell: Fulminant Prism
 13096 | D:9      | Killed a lindwurm
 13443 | D:10     | Entered Level 10 of the Dungeon
 13470 | D:10     | Reached XP level 11. HP: 79/79 MP: 13/22
 13716 | D:10     | Found a flagged portal.
 13728 | Bailey   | Entered a bailey
 13770 | Bailey   | Reached skill level 11 in Conjurations
 13832 | Bailey   | Noticed an orc knight
 14103 | Bailey   | Noticed an orc knight
 14353 | Bailey   | Learned a level 3 spell: Mephitic Cloud
 14357 | Bailey   | Learned a level 3 spell: Ignite Poison
 14380 | Bailey   | Noticed an orc knight
 14451 | Bailey   | Killed an orc knight
 14569 | Bailey   | Annihilated by an orc knight

Illustrated notes

Levels and vault maps discovered:
D:1:      dpeg_arrival_long_road, layout_basic, kennysheep_crisscross
D:2:      layout_loops_ring, grunt_ministairs_1, uniq_jessica, uniq_robin,
          uniq_crazy_yiuf_cottage
D:3:      layout_rooms, mainiacjoe_overflow_tiny_flanked,
          mainiacjoe_overflow_alcove_4,
          mainiacjoe_overflow_concentric_impassable,
          gammafunk_temple_overflow_wave, ebering_ecumenical_altar_rust
D:4:      nicolae_cairo_tiling_very_big, layout_cave_pools, kennysheep_mini,
          minmay_goblin_outpost
D:5:      layout_loops_corners, gammafunk_ghost_nasty_kobolds
D:6:      layout_loops_ring, lemuel_crystal_altar,
          minmay_temple_entry_statues_fountains, enter_ossuary_4
D:7:      layout_rooms, nicolae_hepliaklqana_hippocampus, serial_shops,
          kennysheep_little_box, shop, shop, minmay_holes, hangedman_decor_push,
          st_stairs_13, ebering_dispersal_statue_hall, uniq_pikel, uniq_joseph,
          uniq_prince_ribbit1
D:8:      layout_cave_pools, lemuel_crystal_altar, erik_lair_island
D:9:      hellmonk_ruined_rings, layout_basic, minmay_lindwurm_lava
D:10:     layout_stronghold, mainiacjoe_overflow_24_doors, enter_bailey_5,
          item_on_display_a
Temple:   nicolae_temple_x_marks_the_god
Bailey:   bailey_polearm_1, bailey

Skill      XL: |  1  2  3  4  5  6  7  8  9 10 11 |
---------------+----------------------------------+-----
Conjurations   | 5 6 7 8 10 11 | 11.0
Spellcasting   | 3 4 5 6 7 |  7.8
Evocations     | 1 2 4 5 6 |  6.0
Long Blades    | 1 2 3 4 5 |  5.8
Dodging        | 2 3 |  3.0
Fighting       | 2 |  2.0
Translocations | 1 3 4 5 |  5.7
Hexes          | 2 3 4 |  4.0
Invocations    | 2 4 |  4.3
Stealth        | |  1.7

Action                   |  1- 3 |  4- 6 |  7- 9 | 10-12 || total
-------------------------+-------+-------+-------+-------++-------
Melee: Unarmed           |    10 |       |       |       ||    10
       Tailslap          |     3 |     3 |    15 |    13 ||    34
       Club              |    25 |       |       |       ||    25
       Long sword        |    17 |    58 |   103 |    52 ||   230
       Punch             |       |     2 |     2 |       ||     4
       Staff             |       |       |       |    10 ||    10
 Cast: Magic Dart        |    35 |    90 |    54 |   162 ||   341
       Searing Ray       |       |     6 |    35 |    11 ||    52
       Fulminant Prism   |       |       |       |    21 ||    21
       Mephitic Cloud    |       |       |       |     1 ||     1
       Ignite Poison     |       |       |       |     1 ||     1
  Use: Scroll            |       |    11 |     7 |     3 ||    21
       Potion            |       |       |     5 |       ||     5
 Stab: Sleeping          |       |     1 |       |       ||     1
       Distracted        |       |       |     2 |       ||     2
Armor: Skin              |    33 |    31 |    52 |    40 ||   156
Dodge: Dodged            |    52 |    62 |    84 |    71 ||   269
Block: Other             |       |       |    35 |    27 ||    62
       Reflection        |       |       |     1 |     4 ||     5
